 Dungeon Crawl Stone Soup version 0.31-a0-851-g7ff8af7976 (webtiles) character file.

Game seed: 14712787399963721103

221 Shayle the Trooper (level 5, -2/41 HPs)
             Began as a Demonspawn Reaver on Oct 5, 2023.
             Asphyxiated
             ... in a sewer.
             The game lasted 00:06:08 (2345 turns).

Shayle the Trooper (Demonspawn Reaver)              Turns: 2345, Time: 00:06:09

Health: -2/41      AC:  9    Str: 12    XL:     5   Next: 65%
Magic:  9/9        EV: 11    Int: 17    God:
Gold:   232        SH:  0    Dex: 17    Spells: 6/10 levels left

rFire   . . .        a - +0 spear
rCold   . . .        (no shield)
rNeg    . . .        j - +0 ring mail
rPois   .            (no helmet)
rElec   .            m - +0 cloak
rCorr   .            (no gloves)
SInv    .            (no boots)
Will    .....        (no amulet)
Stlth   +            c - +6 ring of dexterity
HPRegen 0.26/turn    (no ring)
MPRegen 0.11/turn

%: no passive effects
@: lethally poisoned (-2 -> -26), slowed, very slow
A: icy blue scales 2, spiny 1
a: no special abilities


You were in a sewer.
You visited 1 branch of the dungeon, and saw 4 of its levels.
You also visited: Sewer.

You collected 232 gold pieces.

Inventory:

Hand Weapons
 a - a +0 spear (weapon)
Armour
 b - a +0 leather armour
 j - a +0 ring mail (worn)
 m - a +0 cloak (worn)
Jewellery
 c - a +6 ring of dexterity (left hand)
Scrolls
 e - a scroll of butterflies {unknown}
 f - a scroll of revelation {unknown}
 h - 2 scrolls of enchant armour {unknown}
 k - 2 scrolls of poison {unknown}
 p - 2 scrolls of blinking {unknown}
Potions
 g - a potion of enlightenment
 i - a potion of curing
 l - a potion of brilliance
 n - a potion of degeneration {unknown}
 o - a potion of attraction {unknown}


   Skills:
 + Level 3.4 Fighting
 - Level 2.6 Polearms
 + Level 2.2 Armour
 - Level 1.7 Dodging
 + Level 3.2 Spellcasting
 + Level 3.0 Conjurations
 + Level 2.8 Necromancy
 + Level 0.0 Ice Magic


You had 6 spell levels left.
You knew the following spells:

 Your Spells              Type           Power      Damage    Failure   Level
a - Kiss of Death         Conj/Necr      48%        2d9       12%         1
b - Hailstorm             Conj/Ice       7%         3d4       52%         3

Your spell library contained the following spells:

 Spells                   Type           Power      Damage    Failure   Level
 Momentum Strike          Conj/Tloc      14%        3d8       30%         2


Dungeon Overview and Level Annotations

Branches:
Dungeon (4/15)             Temple (0/1) D:4           Sewer (1/1)

Altars:
Wu Jian

Annotations:
D:4 Grinder


Innate Abilities, Weirdness & Mutations

You are mostly covered in icy blue scales. (AC +3)
You are partially covered in sharp spines.


Message History

Confirm with . or Enter, or press ? or * to list all spells.
Okay, then.
This spell is quite dangerous to cast!
You start memorising the spell.
You continue memorising. x3
You finish memorising.
Spell assigned to 'b'.
Things that are here:
a +0 short sword; 3 stones; a kobold corpse The kobold brigand throws a curare-tipped dart.
The curare-tipped dart closely misses you.
Things that are here:
a +0 club; a kobold corpse
Things that are here:
a +0 short sword; 3 stones; a kobold corpse
Things that are here:
a +0 club; a kobold corpse The kobold brigand throws a curare-tipped dart.
The curare-tipped dart hits you.
You are poisoned.
You have difficulty breathing.
You feel yourself slow down.
The kobold brigand throws a curare-tipped dart.
The curare-tipped dart hits you.
You are more poisoned.
You have difficulty breathing.
You feel as though you will be slow longer.
Things that are here:
a +0 club; a kobold corpse You feel extremely sick.
The kobold brigand throws a curare-tipped dart.
The curare-tipped dart hits you.
You are more poisoned.
You have difficulty breathing.
You feel as though you will be slow longer.
You see here a +0 short sword.
* * * LOW HITPOINT WARNING * * *
You feel extremely sick.
The kobold brigand throws a curare-tipped dart.
The curare-tipped dart hits you.
You are more poisoned.
You have difficulty breathing.
You die...

#.......# #..~~~~.#
#.~≈≈≈~~# #~~≈≈≈~.#
#.~≈≈≈~K# #.~~≈~~.#
#..~≈~..#
#..~≈~~.##################
#..K≈~~~)@))~~~~~~~~~~~~~~
#.~~≈~.~##################
##~~≈~.## #.~≈~. #.~≈≈~
∩..~≈~. ##.~≈~. #.~≈~.


You could see a kobold brigand.

Vanquished Creatures
  An ogre (D:3)
  A jelly (D:3)
  3 adders
  A river rat (Sewer)
  A worm (D:2)
  A dart slug (D:3)
  10 ball pythons
  5 bats
  6 endoplasms
  2 giant cockroaches
  5 goblins
  6 hobgoblins
  6 jackals
  A quokka (D:1)
  2 frilled lizards
  5 kobolds
  7 rats
63 creatures vanquished.

Notes
Turn   | Place    | Note
-------+----------+-------------------------------------------
     0 | D:1      | Shayle the Demonspawn Reaver began the quest for the Orb.
     0 | D:1      | Reached XP level 1. HP: 16/16 MP: 3/3
    69 | D:1      | Gained mutation: You are partially covered in sharp spines.
                  | [demonic ancestry]
    69 | D:1      | Reached XP level 2. HP: 16/22 MP: 5/5
   107 | D:1      | Found a faded altar of an unknown god.
   333 | D:1      | Reached skill level 1 in Necromancy
   459 | D:1      | Reached skill level 1 in Armour
   664 | D:2      | Gained mutation: You are partially covered in icy blue
                  | scales. (AC +2) [demonic ancestry]
   664 | D:2      | Reached XP level 3. HP: 28/28 MP: 6/6
  1064 | D:3      | Noticed an ogre
  1077 | D:3      | Killed an ogre
  1078 | D:3      | Reached XP level 4. HP: 14/35 MP: 4/8
  1078 | D:3      | Gained mutation: You are mostly covered in icy blue scales.
                  | (AC +3) [demonic ancestry]
  1078 | D:3      | Reached XP level 5. HP: 16/41 MP: 4/9
  1648 | D:3      | Found an ornate altar of the Wu Jian Council.
  1939 | D:4      | Noticed Grinder
  1940 | D:4      | Paralysed by Grinder for 5 turns
  2067 | D:4      | Found a staircase to the Ecumenical Temple.
  2122 | D:4      | Found a glowing drain.
  2133 | Sewer    | Entered a sewer
  2338 | Sewer    | Learned a level 3 spell: Hailstorm
  2345 | Sewer    | Asphyxiated

Illustrated notes

Levels and vault maps discovered:
D:1:      dpeg_arrival_ratfight, layout_basic,
          ebering_ecumenical_altar_abandoned, chequers_serial_rivers_room_b
D:2:      layout_rooms, minivault_26
D:3:      layout_basic, nicolae_wu_jian_wuxing_cycle
D:4:      layout_basic, grunt_qazlal_sundering, grunt_dithmenos_smoke,
          kennysheep_little_box, minmay_temple_entry_statues_pillars,
          portal_sewer_entry_d, uniq_grinder
Sewer:    sewer_kobolds

Skill      XL: |  1  2  3  4  5 |
---------------+----------------+-----
Necromancy     | 1 2 |  2.8
Armour         | 1 2 |  2.2
Fighting       | 3 |  3.4
Spellcasting   | 3 |  3.2
Polearms       | |  2.6
Dodging        | |  1.7
Conjurations   | |  3.0

Action                     |  1- 3 |  4- 6 || total
---------------------------+-------+-------++-------
  Melee: Spear             |    84 |    51 ||   135
   Cast: Kiss of Death     |     2 |       ||     2
    Use: Scroll            |       |     3 ||     3
 Armour: Leather armour    |    15 |       ||    15
         Ring mail         |    12 |    24 ||    36
  Dodge: Dodged            |    35 |    23 ||    58

Table legend: (Time is in decaauts)
 A = Elapsed time spent in this place.
 B = Non-inter-level travel time spent in this place.
 C = Inter-level travel time spent in this place.
 D = Time resting spent in this place.
 E = Time spent auto-exploring this place.
 F = Levels seen in this place.
 G = Mean time per level.
                   A        B        C        D        E       F      G
               +--------+--------+--------+--------+--------+-----+--------+
         Total |   2392 |   2217 |    175 |    185 |   1396 |   5 |  478.4 |
       Dungeon |   2135 |   1960 |    175 |     93 |   1396 |   4 |  533.8 |
         Sewer |    257 |    257 |      0 |     92 |      0 |   1 |  257.0 |
               +--------+--------+--------+--------+--------+-----+--------+

Top non-repeatable levels by time:
     D:3: 973 daAuts
     D:1: 609 daAuts
     D:2: 404 daAuts
   Sewer: 257 daAuts
     D:4: 147 daAuts
